Map: Goldenaura LE

Players

Toxy - Winner!

  • Race: Terran Terran
  • League: Platinum
  • Spawn Location: 5:00

Subwayeatn

  • Race: Zerg Zerg
  • League: Platinum
  • Spawn Location: 12:00

VOD

Have the link to the VOD?

Description

Time

  • Played on: Oct. 21, 2023, 4:14 p.m.
  • Length: 12:06
Show
View Real Time Build Order
Export as new Build Order

Toxy Terran - Winner!

Build Orders: Mech 

Get SALT Encoding   

  12  0:00  SCV  
  13  0:15  Supply Depot  
  13  0:18  SCV  
  14  0:30  SCV  
  14  0:34  Refinery  
  15  0:43  Barracks  
  15  0:46  SCV  
  16  0:58  SCV  
  17  1:10  SCV  
  18  1:17  Refinery  
  18  1:22  SCV  
  19  1:30  Reaper  
  20  1:34  SCV  
  20  1:36  Supply Depot  
  20  1:51  Orbital Command  
  20  1:57  Factory  
  20  2:05  Bunker  
  20  2:09  Marine  
  21  2:23  SCV  
  21  2:27  Marine  
  23  2:47  Starport  
  23  2:50  SCV  
  24  2:54  Factory Tech Lab  
  24  3:02  SCV  
  25  3:12  Marine  
  25  3:14  SCV  
  25  3:16  Cyclone  
  29  3:26  SCV  
  30  3:34  Starport Tech Lab  
  29  3:39  Fusion Core  
  29  3:49  Command Center  
  29  3:57  Widow Mine  
  31  4:13  Supply Depot  
  31  4:35  Widow Mine, SCV, Marine  
  35  4:48  SCV  
  36  4:56  Supply Depot  
  36  5:00  SCV  
  36  5:01  Battlecruiser  
  36  5:02  Orbital Command  
  36  5:05  Marine  
  44  5:07  Infernal Pre-Igniter  
  44  5:12  SCV  
  45  5:15  Factory  
  45  5:20  Refinery  
  45  5:24  SCV  
  45  5:25  Engineering Bay  
  46  5:30  Supply Depot  
  46  5:31  SCV  
  47  5:36  SCV  
  47  5:39  Weapon Refit  
  48  5:43  SCV  
  48  5:48  SCV  
  50  5:55  SCV  
  51  6:01  SCV  
  50  6:08  SCV  
  50  6:09  Hellion  
  50  6:10  Factory Reactor  
  53  6:13  Battlecruiser, SCV  
  60  6:20  SCV  
  61  6:25  SCV  
  61  6:26  Refinery  
  61  6:27  Supply Depot  
  61  6:30  Hellion  
  64  6:47  Hellion x2  
  68  6:52  Hellion  
  70  6:56  SCV x2  
  72  7:20  Hellion x2  
  76  7:30  SCV x2  
  76  7:33  Armory  
  76  7:36  Command Center  
  78  7:42  Missile Turret  
  78  7:56  Siege Tank, Hellion x2, Missile Turret  
  85  8:00  Hi-Sec Auto Tracking  
  85  8:07  Missile Turret  
  85  8:19  Supply Depot  
  85  8:21  Armory  
  85  8:25  Hellion  
  83  8:28  Siege Tank  
  81  8:41  SCV x2  
  81  8:48  Refinery  
  82  8:49  Planetary Fortress  
  82  8:52  Refinery  
  82  8:53  SCV x2  
  82  8:55  Battlecruiser  
  90  9:00  Siege Tank  
  90  9:01  Hellion x2  
  97  9:04  Terran Vehicle Weapons Level 1  
  97  9:06  Factory  
  97  9:11  SCV x2  
  99  9:18  Command Center  
  99  9:36  Siege Tank  
  99  9:37  Hellion x2  
  106  9:42  Terran Vehicle And Ship Armor Level 1  
  106  9:43  SCV x2  
  108  9:55  Command Center  
  108  9:58  SCV  
  109  10:03  Missile Turret x2  
  109  10:16  Factory Tech Lab  
  109  10:19  Factory  
  109  10:20  SCV  
  109  10:29  Thor, SCV  
  109  10:30  Hellbat x2  
  120  10:35  Supply Depot  
  120  10:42  SCV  
  121  10:50  Command Center  
  121  10:58  SCV  
  121  10:59  SCV  
  123  11:10  Command Center  
  123  11:11  SCV x2  
  125  11:12  Thor  
  125  11:15  Supply Depot  
  130  11:23  Factory Tech Lab, SCV  
  131  11:27  SCV  
  131  11:40  Hellbat x2  
  112  11:47  SCV x2  
  120  11:59  Missile Turret  
  127  12:04  Supply Depot  
Show
View Real Time Build Order
Export as new Build Order

Subwayeatn Zerg 

Build Orders: Pool First 

Get SALT Encoding   

  12  0:00  Drone  
  13  0:22  Spawning Pool  
  13  0:25  Drone  
  13  0:34  Overlord  
  13  0:38  Drone  
  14  0:45  Extractor, Drone  
  14  0:52  Drone  
  15  1:09  Zergling x2  
  17  1:11  Zergling x2  
  17  1:20  Zergling x2  
  17  1:22  Queen  
  20  1:48  Hatchery  
  20  1:52  Metabolic Boost  
  19  1:59  Drone  
  20  2:10  Queen  
  21  2:39  Overlord  
  21  2:51  Lair  
  20  3:09  Overlord  
  20  3:11  Drone x6  
  20  3:12  Drone  
  27  3:30  Drone x2  
  27  3:31  Drone x2  
  31  3:36  Extractor  
  30  3:44  Drone x3  
  33  3:51  Overlord  
  32  4:04  Drone x4  
  32  4:06  Baneling Nest  
  35  4:18  Evolution Chamber  
  35  4:20  Queen, Overlord  
  36  4:44  Overlord  
  36  4:47  Zerg Ground Armor Level 1  
  36  4:50  Zergling x2  
  36  4:51  Zergling x14  
  44  4:57  Centrifugal Hooks  
  44  5:04  Overlord  
  44  5:06  Hydralisk Den  
  43  5:08  Queen  
  43  5:12  Extractor  
  43  5:13  Extractor  
  43  5:19  Drone x2  
  43  5:20  Drone x5  
  50  5:38  Overlord  
  50  5:41  Overlord  
  50  5:43  Hatchery  
  48  6:06  Overlord x2  
  48  6:10  Grooved Spines  
  48  6:19  Lurker Den  
  45  6:40  Hydralisk  
  45  6:41  Hydralisk x4  
  45  6:45  Queen  
  55  6:52  Drone x10  
  61  6:56  Queen  
  55  7:18  Overlord  
  55  7:21  Drone x7  
  62  7:23  Queen  
  62  7:28  Overseer  
  64  7:33  Overseer  
  64  7:35  Overlord x2  
  64  7:41  Muscular Augments  
  64  7:46  Drone x4  
  64  7:47  Drone x3  
  64  7:49  Spore Crawler  
  70  7:53  Queen x2  
  70  7:55  Zerg Missile Weapons Level 1  
  74  8:01  Overlord  
  60  8:34  Hydralisk  
  60  8:35  Hydralisk x5  
  60  8:38  Zergling x20  
  60  8:39  Zergling x2  
  81  8:45  Drone x3  
  84  8:48  Extractor  
  84  8:50  Extractor  
  82  8:56  Infestation Pit  
  82  8:59  Drone x3  
  81  9:29  Hydralisk x7  
  81  9:30  Hydralisk  
  96  9:35  Drone  
  97  9:40  Hydralisk x3  
  97  9:43  Zergling x4  
  105  9:55  Drone  
  105  9:57  Overlord x2  
  106  10:00  Baneling x14  
  106  10:02  Baneling  
  106  10:12  Lurker  
  106  10:14  Lurker  
  107  10:20  Overlord x2  
  107  10:21  Overlord  
  107  10:26  Overlord  
  107  10:28  Zergling x2  
  108  10:31  Drone  
  108  10:41  Hive  
  108  10:47  Hydralisk x5  
  118  10:54  Drone x8  
  118  10:55  Drone  
  127  11:00  Hatchery  
  127  11:01  Drone x4  
  130  11:11  Overseer  
Tags
 
Composition
Mech
Matchup
TvZ
Opening
Pool First
Replay Pack
Multiplayer
Spawn Locations
Cross Positions
Add a new tag
Caveats
  • Supply blocks, unpowered buildings, or Contaminate may cause inaccurate times.
  • Supply counts are checked every 10 seconds.